 Seeded DCSS version 0.30-a0-715-gdb4ae3ece1 (webtiles) character file.

Game seed: 5430720872467839093 (custom seed)

8 OTABOTABOTAB the Grave Robber (level 2, 15/19 HPs)
             Began as a Mummy Necromancer on Jan 24, 2023.
             Quit the game on level 1 of the Dungeon.
             The game lasted 00:00:28 (248 turns).

OTABOTABOTAB the Grave Robber (Mummy Necromancer)    Turns: 248, Time: 00:00:28

Health: 15/19      AC:  2    Str: 17    XL:     2   Next: 0%
Magic:  0/5        EV: 12    Int: 14    God:
Gold:   9          SH:  0    Dex: 12    Spells: 5/6 levels left

rFire   x . .      SeeInvis .    b - +0 dagger
rCold   + . .      Faith    +    (no shield)
rNeg    + + +      Spirit   .    a - +0 robe
rPois   ∞          Reflect  .    (no helmet)
rElec   .          Harm     .    (no cloak)
rCorr   .          Rampage  .    (no gloves)
Will    .....                    (no boots)
Stlth   ++                       (no amulet)
HPRegen 0.23/turn                c - +6 ring of strength
MPRegen 0.09/turn                (no ring)

@: no status effects
A: cold resistance 1, negative energy resistance 3, torment resistance 2, heat
vulnerability 1, no potions, faith
a: no special abilities


You were on level 1 of the Dungeon.
You visited 1 branch of the dungeon, and saw 1 of its levels.

You collected 9 gold pieces.

Inventory:

Hand Weapons
 b - a +0 dagger (weapon)
   (You took it off a kobold on level 1 of the Dungeon)
 d - a +0 whip
   (You found it on level 1 of the Dungeon)
Armour
 a - a +0 robe (worn)
Jewellery
 c - a +6 ring of strength (left hand)
   (You found it on level 1 of the Dungeon)
Scrolls
 e - a scroll of brand weapon {unknown}


   Skills:
 + Level 1.7 Dodging
 + Level 1.8 Stealth
 + Level 2.9 Spellcasting
 + Level 4.1 Necromancy


You had 5 spell levels left.
You knew the following spells:

 Your Spells              Type           Power      Damage    Failure   Level
a - Necrotise             Necr           52%        1d6       4%          1

Your spell library contained the following spells:

 Spells                   Type           Power      Damage    Failure   Level
 Vampiric Draining        Necr           13%        2d6       12%         3
 Animate Dead             Necr           13%        N/A       36%         4
 Agony                    Necr           13%        N/A       73%         5


Dungeon Overview and Level Annotations

Branches:
Dungeon (1/15)

Altars:


Innate Abilities, Weirdness & Mutations

You are immune to poison.
Your flesh is cold resistant. (rC+)
You are immune to negative energy. (rN+++)
You are immune to unholy pain and torment.
You are vulnerable to heat. (rF-)
You do not drink.
You have a special connection with the divine. (Faith)


Message History

You now have 3/4 mp.
You swap places.
A quokka comes into view.
You see here a +0 dagger.
MP restored: 4 A quokka is nearby!
You miscast Necrotise.
You are very lightly contaminated with residual magic.
Nothing appears to happen.
You now have 3/4 mp.
The quokka writhes in agony.
You now have 2/4 mp.
The quokka writhes in agony.
You kill the quokka!
The dead are hopping!
You now have 1/4 mp.
Your magical contamination has completely faded away.
Your kobold skeleton crumbles into dust!
Your quokka skeleton crumbles into dust!
b - a +0 dagger MP restored: 4
c - a +6 ring of strength
d - a +0 whip You feel stronger.
c - a +6 ring of strength (left hand)
b - a +0 dagger (weapon)
e - a scroll labelled KIEHURPHODD A kobold comes into view.
It is wielding a +0 short sword.
A kobold is nearby!
The kobold shouts!
The kobold barely resists.
You now have 3/4 mp.
The kobold writhes in agony.
You kill the kobold!
The dead are walking!
You now have 2/4 mp.
No target in view!
You swap places.
Your kobold skeleton crumbles into dust!
You see here a +0 short sword.
You see here a viscous brown potion.
A jackal comes into view.
MP restored: 4 A jackal is nearby! 2 jackals come into view.
The jackal barks! x2
The jackal barely resists.
The jackal barks!
You hear a bark!
You hear a shout!
A jackal comes into view.
You now have 3/4 mp.
The jackal writhes in agony.
The jackal moves out of view.
You now have 2/4 mp.
Unknown command.
The jackal writhes in agony.
You kill the jackal!
The dead are walking!
You now have 1/4 mp.
A kobold comes into view. It is wielding a +0 whip.
The kobold shouts!
Your jackal skeleton bites the jackal but does no damage.
Aim: a jackal (chance to affect: 83%)
The jackal writhes in agony.
Your jackal skeleton bites the jackal.
You now have 0/4 mp.
Your jackal skeleton closely misses the jackal.
The jackal closely misses you.
Your jackal skeleton bites the jackal but does no damage.
The jackal barely misses you.
Your jackal skeleton bites the jackal but does no damage.
The jackal closely misses you.
The kobold hits your jackal skeleton with a +0 whip.
The jackal attacks as you move away! The jackal bites you.
You take 1 damage, and have 12/13 hp.
You don't have enough magic to cast this spell.
The jackal bites you but does no damage.
Aim: a jackal (almost dead, chance to affect: 83%)
The jackal writhes in agony.
You kill the jackal!
The dead are walking!
The jackal bites you.
You now have 0/4 mp.
You miss the jackal. The jackal bites you.
Your jackal skeleton misses the jackal.
You take 2 damage, and have 10/13 hp.
You hit the jackal. The jackal barely misses you.
Your jackal skeleton barely misses the jackal.
You barely miss the jackal.
The jackal bites you but does no damage.
Your jackal skeleton bites the jackal.
The jackal bites your jackal skeleton.
You hit the jackal but do no damage.
Your jackal skeleton bites the jackal.
The jackal barely misses you. The jackal misses you.
You closely miss the jackal.
Your jackal skeleton misses the jackal.
The jackal bites you. The jackal barely misses you.
The jackal bites you but does no damage.
Your jackal skeleton bites the jackal but does no damage.
The jackal closely misses you.
You hit the jackal.
You kill the jackal!
The jackal closely misses you.
You have reached level 2!
You regained 5 hp, and now have 15/19 hp.

### #####.# ###.....# #
........# .#.# #.....#
.....##.....#
#..K.hZ....### # #
..#@......# ..#.
#†......# .....
#.......########
......####.#####.!......#
......Zh...# ########.#
......K##### #.#
...#...################)#
. ....h#..............#.#
......K#..............#.#


You could see a jackal (ally target), a kobold and a friendly jackal skeleton.

Vanquished Creatures
  3 jackals (D:1)
  2 kobolds (D:1)
  A quokka (D:1)
6 creatures vanquished.

Notes
Turn   | Place    | Note
-------+----------+-------------------------------------------
     0 | D:1      | OTABOTABOTAB the Mummy Necromancer began the quest for the
                  | Orb.
     0 | D:1      | Reached XP level 1. HP: 13/13 MP: 4/4
   248 | D:1      | Reached XP level 2. HP: 15/19 MP: 0/5
   248 | D:1      | Quit the game

Illustrated notes

Levels and vault maps discovered:
D:1:      dpeg_arrival_boxes_within_box, layout_basic

Action                     || total
---------------------------++-------
  Melee: Dagger            ||     6
   Cast: Necrotise         ||    10
 Armour: Robe              ||     3
  Dodge: Dodged            ||     9

Table legend: (Time is in decaauts)
 A = Elapsed time spent in this place.
 B = Non-inter-level travel time spent in this place.
 C = Inter-level travel time spent in this place.
 D = Time resting spent in this place.
 E = Time spent auto-exploring this place.
 F = Levels seen in this place.
 G = Mean time per level.
                   A        B        C        D        E       F      G
               +--------+--------+--------+--------+--------+-----+--------+
         Total |    247 |    247 |      0 |      0 |    206 |   1 |  247.0 |
       Dungeon |    247 |    247 |      0 |      0 |    206 |   1 |  247.0 |
               +--------+--------+--------+--------+--------+-----+--------+

Top non-repeatable levels by time:
     D:1: 247 daAuts

Table legend:
 A = Kills in this place as a percentage of kills in entire the game.
 B = Kills by you in this place as a percentage of kills by you in the entire game.
 C = Kills by friends in this place as a percentage of kills by friends in the entire game.
 D = Other kills in this place as a percentage of other kills in the entire game.
 E = Experience gained in this place as a percentage of experience gained in the entire game.
 F = Experience gained in this place divided by the number of levels of this place that you have seen.
                   A       B       C       D       E      F
               +-------+-------+-------+-------+-------+----------------------
         Total | 100.0 | 100.0 |   N/A |   N/A | 100.0 |  12.0
       Dungeon | 100.0 | 100.0 |   N/A |   N/A | 100.0 |  12.0
               +-------+-------+-------+-------+-------+----------------------
